 Dungeon Crawl Stone Soup version 0.27-a0-1188-g73eefd5def (webtiles) character file.

Game seed: 16842098925101156077

65 siradein the Vexing (level 3, -3/24 HPs)
             Began as a Demonspawn Enchanter on May 22, 2021.
             Slain by a river rat (7 damage)
             ... on level 3 of the Dungeon.
             The game lasted 00:07:10 (3538 turns).

siradein the Vexing (Demonspawn Enchanter)          Turns: 3538, Time: 00:07:11

Health: -3/24      AC:  4    Str:  8    XL:     3   Next: 92%
Magic:  5/6        EV: 11    Int: 17    God:
Gold:   111        SH:  0    Dex: 13    Spells: 3/6 levels left

rFire    . . .     SeeInvis .   j - +0 short sword
rCold    . . .     Faith    .   (no shield)
rNeg     . . .     Spirit   .   h - +0 leather armour
rPois    .         Reflect  .   (helmet restricted)
rElec    .         Harm     .   (no cloak)
rCorr    .         Rampage  .   (no gloves)
Will     .....                  l - +0 pair of boots
Stlth    ++........             (no amulet)
HPRegen  0.08/turn              (no ring)
MPRegen  0.10/turn              (no ring)

@: flying, very slightly contaminated
A: horns 1
a: no special abilities


You were on level 3 of the Dungeon.
You visited 1 branch of the dungeon, and saw 3 of its levels.

You collected 111 gold pieces.

Inventory:

Hand Weapons
 a - a +1 dagger
 j - a +0 short sword (weapon)
Missiles
 m - 18 poisoned darts
Armour
 h - a +0 leather armour (worn)
 l - a +0 pair of boots (worn)
Scrolls
 f - a scroll of holy word {unknown}
 n - a scroll of magic mapping {unknown}
Potions
 c - a potion of might
 e - a potion of attraction
 g - a potion of ambrosia {unknown}
 i - a potion of resistance {unknown}
 k - a potion of curing {unknown}


   Skills:
 + Level 2.5 Short Blades
 - Level 1.7 Dodging
 - Level 2.6 Stealth
 - Level 2.0 Spellcasting
 + Level 4.0 Hexes


You had 3 spell levels left.
You knew the following spells:

 Your Spells              Type           Power      Damage    Failure   Level
a - Corona                Hex            16%        N/A       5%          1
b - Ensorcelled Hibernat  Hex/Ice        16%        N/A       19%         2

Your spell library contained the following spells:

 Spells                   Type           Power      Damage    Failure   Level
 Confusing Touch          Hex            15%        N/A       16%         3
 Tukima's Dance           Hex            15%        N/A       16%         3
 Dazzling Flash           Conj/Hex       16%        N/A       36%         3
 Gell's Gravitas          Tloc           0%         N/A       63%         3
 Petrify                  Tmut/Erth      1%         N/A       95%         4
 Metabolic Englaciation   Hex/Ice        4%         N/A       98%         5
 Yara's Violent Unravell  Hex/Tmut       4%         3d4       98%         5


Dungeon Overview and Level Annotations

Branches:
Dungeon (3/15)

Altars:
Hepliaklqana


Innate Abilities, Weirdness & Mutations

You have a pair of small horns on your head.


Message History

The river rat barely misses you. The rat barely misses you.
You hit the river rat but do no damage.
The river rat is moderately wounded.
The river rat bites you but does no damage.
The rat misses you.
You hit the rat.
You kill the rat!
The river rat completely misses you.
You hit the river rat but do no damage.
The river rat is moderately wounded.
The river rat bites you but does no damage.
You hit the river rat.
The river rat is moderately wounded.
The river rat bites you.
* * * LOW HITPOINT WARNING * * *
You closely miss the river rat. Your headbutt misses the river rat.
The river rat is moderately wounded.
You float gracefully downwards.
Splash!
You fall into the shallow water.
Moving in this stuff is going to be slow.
You hear an angry hiss.
The river rat barely misses you.
Aiming: Corona (safe; 5% risk of failure)
Press: ? - help, Q - select action, (/) - cycle Shift-Dir - straight line, f - river rat
Aim: a river rat (moderately wounded, chance to affect: 61%)
You miscast Corona.
You are very lightly contaminated with residual magic.
Nothing appears to happen.
The river rat bites you but does no damage.
You hit the river rat but do no damage.
The river rat is moderately wounded.
The river rat barely misses you.
You feel very buoyant.
You fly up into the air.
The river rat bites you.
* * * LOW HITPOINT WARNING * * *
You hit the river rat but do no damage. Your headbutt misses the river rat.
The river rat is moderately wounded.
The river rat bites you!
You die...

########.####...........#.
.........# #...(.≈.......
########## #.≈.≈≈≈≈≈.....
#≈≈#≈#≈###### #≈≈≈≈≈≈≈≈≈#
#########≈# #≈r≈†≈≈#
#†#r#### #@#≈r≈ #r#≈##≈#
#≈#≈r # #≈##≈ ≈≈# ≈# #≈#
≈# ###


You could see 2 river rats.

Vanquished Creatures
  An adder (D:3)
  A worm (D:2)
  A dart slug (D:2)
  3 orcs (D:3)
  2 ball pythons
  6 endoplasms
  3 giant cockroaches (D:1)
  4 goblins
  4 hobgoblins
  4 jackals (D:1)
  5 kobolds
  A quokka (D:2)
  2 bats
  A frilled lizard (D:2)
  5 rats
43 creatures vanquished.

Notes
Turn   | Place    | Note
-------+----------+-------------------------------------------
     0 | D:1      | siradein the Demonspawn Enchanter began the quest for the
                  | Orb.
     0 | D:1      | Reached XP level 1. HP: 13/13 MP: 3/3
    22 | D:1      | Reached skill level 1 in Short Blades
   820 | D:1      | Gained mutation: You have a pair of small horns on your
                  | head. [demonic ancestry]
   820 | D:1      | Reached XP level 2. HP: 14/19 MP: 3/5
  1864 | D:2      | Learned a level 2 spell: Ensorcelled Hibernation
  2015 | D:2      | Found a hazy altar of Hepliaklqana.
  2146 | D:2      | Reached XP level 3. HP: 15/24 MP: 6/6
  3523 | D:3      | Reached skill level 4 in Hexes
  3538 | D:3      | Slain by a river rat

Illustrated notes

Levels and vault maps discovered:
D:1:      grunt_arrival_lava_bath, layout_basic
D:2:      minmay_evil_eye, layout_basic, basic_altar
D:3:      layout_loops_ring, serial_shops, shop, lightli_sewer_entry_pipes,
          item_on_display_a

Skill      XL: |  1  2  3 |
---------------+----------+-----
Short Blades   | 1 2 |  2.5
Hexes          | 4 |  4.0
Dodging        | |  1.7
Stealth        | |  2.6
Spellcasting   | |  2.0

Action                   || total
-------------------------++-------
Melee: Dagger            ||    95
       Short sword       ||    98
       Headbutt          ||    19
 Cast: Corona            ||    16
  Use: Scroll            ||     3
       Potion            ||     2
 Stab: Sleeping          ||     6
Armor: Robe              ||    38
       Leather armour    ||     6
Dodge: Dodged            ||   100

Table legend: (Time is in decaauts)
 A = Elapsed time spent in this place.
 B = Non-inter-level travel time spent in this place.
 C = Inter-level travel time spent in this place.
 D = Time resting spent in this place.
 E = Time spent auto-exploring this place.
 F = Levels seen in this place.
 G = Mean time per level.
                   A        B        C        D        E       F      G
               +--------+--------+--------+--------+--------+-----+--------+
         Total |   3530 |   3518 |     12 |     87 |   2850 |   3 | 1176.7 |
       Dungeon |   3530 |   3518 |     12 |     87 |   2850 |   3 | 1176.7 |
               +--------+--------+--------+--------+--------+-----+--------+

Top non-repeatable levels by time:
     D:1: 1806 daAuts
     D:2: 1370 daAuts
     D:3: 353 daAuts
